[Event "*** Titled Tuesday Blitz"]
[Site "Chess.com"]
[Date "2020.04.07"]
[Round "5"]
[White "PotapovaM"]
[Black "Coiote53"]
[Result "1-0"]
[WhiteElo "2533"]
[BlackElo "2361"]
[TimeControl "180+1"]
[EndTime "13:54:02 PDT"]
[Termination "PotapovaM won by resignation"]

1. d4 d5 2. c4 dxc4 3. e4 e5 4. Nf3 exd4 5. Bxc4 Nc6 6. O-O Be6 7. Bb5 Bc5 8. b4 Bb6 9. a4 a6 10. Bxc6+ bxc6 11. a5 Ba7 12. Bb2 Nf6 13. Bxd4 O-O 14. Bxa7 Rxa7 15. Nc3 Rb7 16. Qa4 Qe8 17. Nd4 Bc4 18.
Rfe1 Bb5 19. Qc2 Qe5 20. Ncxb5 cxb5 21. Nc6 Qh5 22. h3 Re8 23. Rad1 h6 24. e5 Nh7 25. f4 Nf8 26. f5 Nh7 27. e6 fxe6 28. fxe6 Nf6 29.
e7 Qf7 30. Nd8 1-0

[Event "*** Titled Tuesday Blitz"]
[Site "Chess.com"]
[Date "2020.04.07"]
[Round "5"]
[White "GianmarcoVaR"]
[Black "david_gomez"]
[Result "1-0"]
[WhiteElo "2635"]
[BlackElo "2432"]
[TimeControl "180+1"]
[EndTime "13:54:06 PDT"]
[Termination "GianmarcoVaR won by resignation"]

1. d4 c6 2. c4 d5 3. Nf3 Nf6 4. e3 e6 5. b3 Be7 6. Bb2 O-O 7. Bd3 Nbd7 8. O-O b6 9. Qc2 Bb7 10. Rd1 Rc8 11. Nc3 c5 12. cxd5 cxd4 13. dxe6 dxc3 14. exd7 cxb2 15. dxc8=Q bxa1=Q 16. Qxb7 Qxd1+ 17. Qxd1 a5 18. h3 Bc5 19. Ne5 Qe8 20. Nxf7 Bxe3 21. fxe3 Qxe3+ 22. Kh1 Nh5 23. Bxh7+ 1-0

[Event "*** Titled Tuesday Blitz"]
[Site "Chess.com"]
[Date "2020.04.07"]
[Round "5"]
[White "Eltaj_Safarli"]
[Black "JustaTrickstar"]
[Result "1-0"]
[WhiteElo "3053"]
[BlackElo "2659"]
[TimeControl "180+1"]
[EndTime "13:54:08 PDT"]
[Termination "Eltaj_Safarli won by resignation"]

1. e4 d6 2. d4 Nf6 3. Nc3 g6 4. Bg5 c6 5. Qd2 Nbd7 6. O-O-O Qa5 7. Kb1 b5 8. Bd3 e5 9. Nf3 b4 10. Ne2 Be7 11. h4 exd4 12. Nexd4 c5 13. Nc6 Qc7 14. Nxe7 Kxe7 15. Rhe1 h6 16. Bf4 Ne5 17. Nxe5 dxe5 18. Bxh6 Ng4 19. Bg5+ f6 20. Bc4 Be6 21. Bxe6 Kxe6 22.
Qe2 Nh2 23. Bc1 Rxh4 24. Qc4+ Ke7 25. Rd5 Rc8 26. Red1 Ng4 27. f3 Nh6 28. Be3 Rd8 1-0

[Event "*** Titled Tuesday Blitz"]
[Site "Chess.com"]
[Date "2020.04.07"]
[Round "5"]
[White "AttilaTurzo"]
[Black "AsselLesbekova"]
[Result "1-0"]
[WhiteElo "2503"]
[BlackElo "2303"]
[TimeControl "180+1"]
[EndTime "13:54:08 PDT"]
[Termination "AttilaTurzo won by resignation"]

1. d4 f5 2. Nf3 d6 3. g3 Nf6 4. Bg2 g6 5. b3 Bg7 6. Bb2 O-O 7.
O-O Qe8 8. Nbd2 Nbd7 9. c4 e6 10. Qc2 e5 11. dxe5 dxe5 12. e4 c6 13. Rfe1 Nc5 14.
Nxe5 Nfd7 15. Nxd7 Qxd7 16. Bxg7 Qxg7 17. Rad1 fxe4 18.
Nxe4 Bf5 19. Qc3 Qh8 20. Qxh8+ Kxh8 21. Nxc5 1-0

[Event "*** Titled Tuesday Blitz"]
[Site "Chess.com"]
[Date "2020.04.07"]
[Round "5"]
[White "marianokar"]
[Black "saraswathii"]
[Result "1-0"]
[WhiteElo "2368"]
[BlackElo "2220"]
[TimeControl "180+1"]
[EndTime "13:54:08 PDT"]
[Termination "marianokar won by resignation"]

1. e4 c5 2. Nf3 e6 3. d4 cxd4 4. Nxd4 Nf6 5. Bd3 Nc6 6. Nxc6 bxc6 7. O-O d5 8. Nd2 Bd6 9. Re1 Qc7 10. h3 O-O 11. c4 c5 12. exd5 exd5 13. cxd5 Bb7 14. Nc4 Bxd5 15. Bg5 Be7 16. Bxf6 Bxf6 17. Qh5 1-0

[Event "*** Titled Tuesday Blitz"]
[Site "Chess.com"]
[Date "2020.04.07"]
[Round "5"]
[White "BaMBoMaTTo"]
[Black "ruslansezdbekov"]
[Result "0-1"]
[WhiteElo "2733"]
[BlackElo "2590"]
[TimeControl "180+1"]
[EndTime "13:54:11 PDT"]
[Termination "ruslansezdbekov won on time"]

1. d4 Nf6 2. c4 e5 3. dxe5 Ne4 4. Nf3 d6 5. Nbd2 Nc5 6. b4 Ne6 7. Bb2 dxe5 8. Nxe5 Bxb4 9. Qa4+ Nc6 10. O-O-O Nc5 11. Qc2 Nd4 12. Ndf3 Nxc2 13. Rxd8+ Kxd8 14. Nxf7+ Ke7 15. Nxh8 Na3 16. Bxg7 Be6 17. Nd4 Rg8 18. Nxe6 Kxe6 19.
Ba1 Rd8 20. g3 Rd2 21. Bh3+ Ke7 22. Bf5 Rxa2 23. Bb2 Nb3+ 0-1

[Event "*** Titled Tuesday Blitz"]
[Site "Chess.com"]
[Date "2020.04.07"]
[Round "5"]
[White "Enriquack"]
[Black "Oneofmyturns"]
[Result "0-1"]
[WhiteElo "2405"]
[BlackElo "2609"]
[TimeControl "180+1"]
[EndTime "13:54:11 PDT"]
[Termination "Oneofmyturns won by resignation"]

1. e4 e5 2. Nf3 Nc6 3. Bb5 a6 4.
Ba4 Nf6 5. O-O Bc5 6. c3 b5 7. Bb3 d6 8. d4 Bb6 9. a4 Rb8 10. axb5 axb5 11. h3 O-O 12. Re1 h6 13. Nbd2 exd4 14. Nf1 dxc3 15. bxc3 Ne5 16. Ng3 Nc4 17. Bc2 Re8 18. Bf4 Bb7 19. Qd3 Ne5 20. Qd1 Nc4 21. Qd3 Ne5 22. Bxe5 dxe5 23. Qxb5 Bxe4 24. Ba4 Bxf3 0-1

[Event "*** Titled Tuesday Blitz"]
[Site "Chess.com"]
[Date "2020.04.07"]
[Round "5"]
[White "FabianoCaruana"]
[Black "RzayevB"]
[Result "1-0"]
[WhiteElo "3000"]
[BlackElo "2651"]
[TimeControl "180+1"]
[EndTime "13:54:16 PDT"]
[Termination "FabianoCaruana won by resignation"]

1. e4 c5 2. Nf3 a6 3. c4 Nc6 4. d4 cxd4 5. Nxd4 e5 6. Nc2 Nf6 7.
Nc3 Bc5 8. Be2 h6 9. O-O d6 10. Be3 O-O 11. Qd2 Be6 12. b3 Qa5 13. Rfd1 Rfd8 14.
h3 Bxe3 15. Qxe3 Nb4 16. Nxb4 Qxb4 17. Rd2 b5 18. cxb5 axb5 19. Bxb5 Rac8 20. Bc4 Bxc4 21.
bxc4 Rxc4 22. Rd3 Nxe4 23. Rb1 Qa5 24. Nxe4 d5 25. Ng3 e4 26. Rdd1 Qxa2 27. Nf5 Qa6 28. Rb6 Qa4 29. Rdb1 Qd7 30. Rd6 Qc7 31. Qg3 g6 32.
Rxd8+ Qxd8 33. Rb8 1-0

[Event "*** Titled Tuesday Blitz"]
[Site "Chess.com"]
[Date "2020.04.07"]
[Round "5"]
[White "Jumbo"]
[Black "TheCavemanChesss"]
[Result "1-0"]
[WhiteElo "2805"]
[BlackElo "2617"]
[TimeControl "180+1"]
[EndTime "13:54:18 PDT"]
[Termination "Jumbo won by resignation"]

1. d4 Nf6 2. Bf4 d5 3. e3 e6 4.
Nf3 Bd6 5. Bg3 O-O 6. c4 c5 7.
dxc5 Bxc5 8. Nc3 Qa5 9. a3 dxc4 10.
Bxc4 Rd8 11. Qc2 Nc6 12. O-O Bf8 13. Nb5 Nd5 14. b4 Qb6 15. e4 a6 16. exd5 axb5 17. dxc6 bxc4 18. c7 Rd5 19. Qxc4 Bd7 20. Rfc1 Bd6 21.
Bxd6 Qxd6 22. c8=Q+ Rxc8 23. Qxc8+ Bxc8 24. Rxc8+ 1-0

[Event "*** Titled Tuesday Blitz"]
[Site "Chess.com"]
[Date "2020.04.07"]
[Round "5"]
[White "A-Fier"]
[Black "korbul"]
[Result "1-0"]
[WhiteElo "2823"]
[BlackElo "2571"]
[TimeControl "180+1"]
[EndTime "13:54:18 PDT"]
[Termination "A-Fier won by resignation"]

1. e4 c5 2. Nf3 e6 3. d4 cxd4 4.
Nxd4 Nf6 5. Nc3 d6 6. g4 a6 7. g5 Nfd7 8. h4 b5 9. a3 Bb7 10. Be3 Nc6 11. h5 Rc8 12. Rh3 Nce5 13. g6 Nf6 14.
gxf7+ Kxf7 15. Qd2 Qa5 16. f4 Neg4 17. e5 Rxc3 18.
Qxc3 Qxc3+ 19. bxc3 Nxe3 20. Rxe3 Nd5 21. Rf3 Nb6 22.
Rf2 Be7 23. O-O-O Rc8 24. Bh3 Bd5 25. f5 Bg5+ 26. Kb2 Na4+ 27. Ka1 Rxc3 28. fxe6+ Ke8 29. Rd3 dxe5 30. Nf5 Bf6 31. Rxc3 Nxc3 32. h6 gxh6 33. Nd6+ Ke7 34. Nc8+ Kd8 35. Rxf6 Kxc8 36. e7+ 1-0

[Event "*** Titled Tuesday Blitz"]
[Site "Chess.com"]
[Date "2020.04.07"]
[Round "5"]
[White "Qingdom"]
[Black "ehrenfeld"]
[Result "1/2-1/2"]
[WhiteElo "2117"]
[BlackElo "2410"]
[TimeControl "180+1"]
[EndTime "13:54:18 PDT"]
[Termination "Game drawn by repetition"]

1. d4 f5 2. Qd3 e6 3. Nc3 Nf6 4. Bg5 d5 5. O-O-O Be7 6. f3 c5 7.
e4 cxd4 8. Qxd4 Nc6 9. Bb5 fxe4 10. fxe4 Bd7 11. Bxc6 Bxc6 12. exd5 exd5 13. Nf3 O-O 14. Rhe1 Kh8 15. Ne5 Rc8 16. Qh4 Kg8 17. Nxc6 bxc6 18. Ne4 Rf7 19. Nxf6+ Bxf6 20. Bxf6 Qxf6 21. Qxf6 Rxf6 22.
Re7 Rf7 23. Rde1 Rc7 24. Re8+ Rf8 25. Kd2 Rxe8 26. Rxe8+ Kf7 27. Rh8 h6 28. Kd3 Ke6 29. b4 c5 30. bxc5 Rxc5 31. Re8+ Kd6 32. Rd8+ Ke6 33.
Re8+ Kd6 34. Rd8+ Ke6 35. Re8+ 1/2-1/2

[Event "*** Titled Tuesday Blitz"]
[Site "Chess.com"]
[Date "2020.04.07"]
[Round "5"]
[White "Chesswizard_2007"]
[Black "GadimbayliA"]
[Result "0-1"]
[WhiteElo "2636"]
[BlackElo "2921"]
[TimeControl "180+1"]
[EndTime "13:54:19 PDT"]
[Termination "GadimbayliA won by resignation"]

1. d4 d5 2. c4 e5 3. dxe5 d4 4. Nf3 Nc6 5. g3 Nge7 6. Bg2 Ng6 7. O-O Ngxe5 8. Nxe5 Nxe5 9. Nd2 Be7 10. Nf3 Nxf3+ 11.
Bxf3 O-O 12. b3 Bf6 13. Bb2 Re8 14. Re1 c6 15. Qd2 Bf5 16. Rad1 Qc7 17. Qf4 Qxf4 18. gxf4 Rad8 19. Rd2 c5 20. Bxb7 Rb8 21. Bf3 g5 22. e4 gxf4 23. Bc1 Bd7 24. Rde2 Be5 25. Kh1 Kh8 26. Bd2 d3 0-1

[Event "*** Titled Tuesday Blitz"]
[Site "Chess.com"]
[Date "2020.04.07"]
[Round "5"]
[White "adiosabu"]
[Black "Lord_Neezy"]
[Result "1-0"]
[WhiteElo "2493"]
[BlackElo "2315"]
[TimeControl "180+1"]
[EndTime "13:54:21 PDT"]
[Termination "adiosabu won by resignation"]

1. e4 e6 2. d4 d5 3. Nc3 Bb4 4.
e5 c5 5. a3 Bxc3+ 6. bxc3 Qa5 7. Bd2 Qa4 8. Qb1 c4 9. Qd1 Nc6 10. h4 Bd7 11. h5 O-O-O 12. h6 gxh6 13. Bxh6 Nxh6 14. Rxh6 Ne7 15. Rf6 Be8 16. Nh3 Ng8 17.
Rf4 Qa5 18. Qd2 Qc7 19. g3 Ba4 20. Ng5 Rf8 21. Bh3 Qe7 22. Rxf7 Rxf7 23. Bxe6+ Bd7 24.
Nxf7 Bxe6 25. Nxh8 Qg7 26. Qf4 Qxh8 27. Qf8+ Kd7 28.
Qd6+ Ke8 29. Qxe6+ Ne7 30. Rb1 b6 31. Rb5 1-0

[Event "*** Titled Tuesday Blitz"]
[Site "Chess.com"]
[Date "2020.04.07"]
[Round "5"]
[White "iLuusions"]
[Black "twitchTriniCupid"]
[Result "1-0"]
[WhiteElo "2594"]
[BlackElo "2401"]
[TimeControl "180+1"]
[EndTime "13:54:22 PDT"]
[Termination "iLuusions won by resignation"]

1. d4 Nf6 2. c4 e6 3. Nf3 Bb4+ 4. Nbd2 d5 5. a3 Be7 6. Qc2 b6 7. b3 Ba6 8. e4 c6 9. Bb2 O-O 10. Bd3 Nfd7 11. exd5 exd5 12. Bxh7+ Kh8 13. Bd3 Bd6 14. O-O Qf6 15. Rfe1 Qh6 16. h3 Qf4 17. Nf1 Qf6 18. Ne3 Bb7 19. Re2 Na6 20. Rae1 Nc7 21. c5 Bf4 22.
Ng4 Qd8 23. g3 Bg5 24. Bf5 1-0

[Event "*** Titled Tuesday Blitz"]
[Site "Chess.com"]
[Date "2020.04.07"]
[Round "5"]
[White "LittlePeasant"]
[Black "goodluck06"]
[Result "1-0"]
[WhiteElo "2794"]
[BlackElo "2610"]
[TimeControl "180+1"]
[EndTime "13:54:23 PDT"]
[Termination "LittlePeasant won by resignation"]

1. d4 Nf6 2. c4 g6 3. Nf3 c5 4.
d5 Bg7 5. Nc3 O-O 6. e4 d6 7.
Be2 e6 8. O-O Re8 9. Nd2 Na6 10.
Re1 Nc7 11. Bf1 Rb8 12. a4 Na6 13. Nb5 Nb4 14. Nxa7 exd5 15. cxd5 Nfxd5 16. Nxc8 Rxc8 17. Bb5 Re7 18. Nc4 Bd4 19. Bg5 f6 20. Bd2 Nd3 21.
Rf1 Rxe4 22. Qf3 Nxf2 23. Rxf2 Re5 24. Nxe5 dxe5 25. Bc4 1-0

[Event "*** Titled Tuesday Blitz"]
[Site "Chess.com"]
[Date "2020.04.07"]
[Round "5"]
[White "AsaHoffmann"]
[Black "powermove"]
[Result "0-1"]
[WhiteElo "2258"]
[BlackElo "1493"]
[TimeControl "180+1"]
[EndTime "13:54:24 PDT"]
[Termination "powermove won by resignation"]

1. d4 Nf6 2. Bg5 Ne4 3. Bf4 c5 4. f3 Nf6 5. dxc5 Qa5+ 6. Nc3 Qxc5 7. e4 d6 8. Qd2 Nc6 9. Nb5 Qb6 10. Be3 Qd8 11. c4 g6 12. O-O-O Bg7 13. Ne2 O-O 14. Nec3 a6 15. Na3 b5 16. cxb5 axb5 17. Bxb5 Nb4 18. Bh6 Qc7 19. Bxg7 Nxa2+ 20. Kb1 Nxc3+ 21. Qxc3 Qxc3 22.
bxc3 Kxg7 23. Ka2 Be6+ 24. c4 Rfb8 25. Kb3 Bxc4+ 26. Nxc4 Rxb5+ 27. Kc3 Rc8 28. Rc1 Rbc5 29. Kb4 d5 30. e5 Rxc4+ 31. Rxc4 Rxc4+ 32. Kb3 Nd7 33.
Rd1 e6 34. f4 Rxf4 0-1

[Event "*** Titled Tuesday Blitz"]
[Site "Chess.com"]
[Date "2020.04.07"]
[Round "5"]
[White "DonPreuss"]
[Black "kasparicy"]
[Result "1-0"]
[WhiteElo "2173"]
[BlackElo "2319"]
[TimeControl "180+1"]
[EndTime "13:54:24 PDT"]
[Termination "DonPreuss won by resignation"]

1. d4 Nf6 2. Nc3 d5 3. e4 dxe4 4. f3 exf3 5. Nxf3 g6 6. Bd3 Bg7 7. O-O O-O 8. Qe1 c5 9. Qh4 Nc6 10. dxc5 Qa5 11. Bh6 Qxc5+ 12. Kh1 Qh5 13. Qxh5 Nxh5 14.
Bxg7 Kxg7 15. Rae1 Bd7 16. Ne5 Nxe5 17. Rxe5 e6 18. Be4 Rab8 19. Rc5 Rfc8 20. Rxc8 Bxc8 21. Rd1 Nf6 22. Rd8 b5 23. Bf3 b4 24. Ne4 Nxe4 25.
Bxe4 f5 26. Bc6 b3 27. axb3 Kf6 28. Bd7 Ke7 29. Rxc8 Rb6 30. Ba4 1-0

[Event "*** Titled Tuesday Blitz"]
[Site "Chess.com"]
[Date "2020.04.07"]
[Round "5"]
[White "Fy_Rakotomaharo"]
[Black "Semen16"]
[Result "1-0"]
[WhiteElo "2595"]
[BlackElo "2402"]
[TimeControl "180+1"]
[EndTime "13:54:27 PDT"]
[Termination "Fy_Rakotomaharo won by resignation"]

1. e4 e5 2. Nf3 Nc6 3. Bb5 a6 4. Ba4 Nf6 5. O-O Be7 6. Re1 b5 7.
Bb3 O-O 8. a4 Rb8 9. axb5 axb5 10. c3 d6 11. d4 exd4 12. cxd4 Bg4 13. Nc3 Qd7 14. Be3 b4 15. Nd5 Nxe4 16. Ba4 Bg5 17. Bxg5 Bxf3 18. Bxc6 Qxc6 19. Ne7+ Kh8 20. Nxc6 Bxd1 21.
Nxb8 Nxg5 22. Nd7 Rd8 23. Raxd1 h6 24. h4 Ne6 25. d5 Nf4 26. g3 Ng6 27. h5 1-0

[Event "*** Titled Tuesday Blitz"]
[Site "Chess.com"]
[Date "2020.04.07"]
[Round "5"]
[White "Sam_ChessMood"]
[Black "Sviridov_Valery"]
[Result "0-1"]
[WhiteElo "2912"]
[BlackElo "2800"]
[TimeControl "180+1"]
[EndTime "13:54:28 PDT"]
[Termination "Sviridov_Valery won by resignation"]

1. e4 Nf6 2. e5 Nd5 3. d4 d6 4.
Nf3 dxe5 5. Nxe5 c6 6. Be2 g6 7. O-O Bg7 8. c4 Nc7 9. Nc3 c5 10. Qa4+ Nd7 11. Bf4 cxd4 12. Nd5 Ne6 13. Bg3 O-O 14.
Nd3 Ndc5 15. Qa3 b6 16. Bf3 Bb7 17. b4 Nxd3 18. Qxd3 Qd7 19. Rac1 Ng5 20. Bh4 Nxf3+ 21. Qxf3 f6 22. Rfe1 e6 23. Qh3 Rae8 24. Nf4 f5 0-1

[Event "*** Titled Tuesday Blitz"]
[Site "Chess.com"]
[Date "2020.04.07"]
[Round "5"]
[White "DraskovicL"]
[Black "ChadBiryani"]
[Result "1-0"]
[WhiteElo "2564"]
[BlackElo "2392"]
[TimeControl "180+1"]
[EndTime "13:54:28 PDT"]
[Termination "DraskovicL won on time"]

1. e4 d5 2. exd5 Qxd5 3. Nc3 Qd6 4. d4 Nf6 5. Bd3 c6 6. Nge2 g6 7. Bf4 Qd8 8. Qd2 Bg7 9. O-O-O Qa5 10. h4 h5 11. Kb1 Be6 12. a3 Nbd7 13. Nb5 Qxd2 14. Nc7+ Kd8 15. Rxd2 Nd5 16. Nxa8 Nxf4 17. Nxf4 Bf5 18.
Bxf5 gxf5 19. d5 Bh6 20. dxc6 bxc6 21. Rhd1 Bxf4 22. Rxd7+ Kc8 23. g3 Bd6 24. Rxa7 Kb8 25. Ra5 Kb7 26. Rxf5 Rxa8 27. Rxf7 Bc5 28. b4 Bb6 29.
Rxe7+ Ka6 30. a4 1-0

[Event "*** Titled Tuesday Blitz"]
[Site "Chess.com"]
[Date "2020.04.07"]
[Round "5"]
[White "PowerThinking2650"]
[Black "Funkmaus"]
[Result "1-0"]
[WhiteElo "2357"]
[BlackElo "2195"]
[TimeControl "180+1"]
[EndTime "13:54:29 PDT"]
[Termination "PowerThinking2650 won by resignation"]

1. e4 c6 2. d4 d5 3. Nc3 dxe4 4. Nxe4 Nf6 5. Nxf6+ exf6 6. c3 Bd6 7. Bd3 Be6 8. Qc2 Qc7 9. Ne2 Nd7 10. c4 c5 11.
d5 Bg4 12. Ng3 Ne5 13. h3 Bd7 14. Nf5 Bxf5 15. Bxf5 g6 16. Bd3 O-O-O 17. Be2 Rde8 18. O-O f5 19. Rb1 h6 20. a3 a5 21. Bd2 Kb8 22.
b4 cxb4 23. axb4 axb4 24. Bxb4 Bxb4 25. Rxb4 Rc8 26. Rfb1 1-0

[Event "*** Titled Tuesday Blitz"]
[Site "Chess.com"]
[Date "2020.04.07"]
[Round "5"]
[White "Zurability"]
[Black "jeaston1"]
[Result "1-0"]
[WhiteElo "2670"]
[BlackElo "2440"]
[TimeControl "180+1"]
[EndTime "13:54:30 PDT"]
[Termination "Zurability won by resignation"]

1. Nf3 d5 2. c4 dxc4 3. Na3 Nf6 4. Nxc4 e6 5. g3 Nbd7 6. Bg2 Be7 7. O-O O-O 8. b3 Nb6 9. Bb2 Bd7 10. Na5 Rb8 11. Ne5 c6 12. Nxd7 Nfxd7 13. Qc2 Na4 14. Nxc6 bxc6 15. bxa4 Rxb2 16. Qxb2 Bf6 17. d4 c5 18. e3 cxd4 19. exd4 Nc5 20. Rfd1 Nxa4 21. Qb3 Qa5 22. Rac1 Nb6 23. Rc5 Qa6 24. d5 exd5 25.
Bxd5 Qe2 26. Bf3 Qe7 27. Rc6 Rd8 28. Rxd8+ Qxd8 29. a4 Nd7 30. Qb7 Ne5 31. Rc8 Nxf3+ 32. Kg2 1-0

[Event "*** Titled Tuesday Blitz"]
[Site "Chess.com"]
[Date "2020.04.07"]
[Round "5"]
[White "Cukiero"]
[Black "Tayson_7"]
[Result "0-1"]
[WhiteElo "2518"]
[BlackElo "2728"]
[TimeControl "180+1"]
[EndTime "13:54:31 PDT"]
[Termination "Tayson_7 won by resignation"]

1. e4 e5 2. Nf3 Nc6 3. Bb5 a6 4. Ba4 Nf6 5. O-O Be7 6. Re1 b5 7. Bb3 d6 8. c3 O-O 9. h3 Bb7 10. d4 Re8 11. Nbd2 Bf8 12. Nf1 Na5 13. d5 Nxb3 14.
axb3 h6 15. g4 c6 16. g5 hxg5 17. dxc6 Bxc6 18. Bxg5 Be7 19. Ng3 g6 20. h4 Nh7 21. Bxe7 Qxe7 22. Qd2 Bb7 23. Qh6 Qf8 24. Qe3 Rad8 25. h5 d5 26. exd5 Rxd5 27. hxg6 fxg6 28. Nh4 Qf6 29. Qh6 Rd6 30. Ne4 Bxe4 31. Rxe4 Rf8 32. Rf1 g5 33. Qxf6 Nxf6 34. Rxe5 gxh4 35. f4 Kf7 36. Rg5 0-1

[Event "*** Titled Tuesday Blitz"]
[Site "Chess.com"]
[Date "2020.04.07"]
[Round "5"]
[White "Mr_Sinigami"]
[Black "Parhamov"]
[Result "0-1"]
[WhiteElo "2602"]
[BlackElo "3080"]
[TimeControl "180+1"]
[EndTime "13:54:32 PDT"]
[Termination "Parhamov won on time"]

1. d4 Nf6 2. Nf3 e6 3. Bf4 c5 4. e3 Qb6 5. Nc3 a6 6. Rb1 d5 7. Na4 Qa5+ 8. c3 c4 9. Be2 Bd7 10. Nc5 Bxc5 11. dxc5 Qxc5 12. O-O Nc6 13. Ne5 O-O 14.
Nxd7 Nxd7 15. Bg3 e5 16. Bf3 e4 17. Be2 Nde5 18. b3 b5 19. bxc4 dxc4 20. Bxe5 Nxe5 21.
Qd4 Qxd4 22. exd4 Nd3 23. f3 e3 24. Rfd1 Nf4 25. Kf1 Nd5 26. Rdc1 f5 27. a4 Rab8 28. axb5 axb5 29. f4 Nxf4 30. g3 Nd3 31. Rd1 Nf2 32. Rdc1 Ne4 33. Rxb5 Nd2+ 0-1

[Event "*** Titled Tuesday Blitz"]
[Site "Chess.com"]
[Date "2020.04.07"]
[Round "5"]
[White "SGchess01"]
[Black "Alohamora11"]
[Result "1-0"]
[WhiteElo "2795"]
[BlackElo "2470"]
[TimeControl "180+1"]
[EndTime "13:54:32 PDT"]
[Termination "SGchess01 won by resignation"]

1. e4 c5 2. Nf3 g6 3. c3 Bg7 4. d4 cxd4 5. cxd4 d5 6. e5 Bg4 7. Nbd2 e6 8. h3 Bxf3 9. Nxf3 Ne7 10. h4 h5 11. Bd3 Nbc6 12. O-O O-O 13. Bg5 Qb6 14. Qd2 Nf5 15. Bxf5 exf5 16. Rfe1 Nd8 17. Bxd8 Raxd8 18. Rac1 Rc8 19. Rxc8 Rxc8 20. Rc1 Rc6 21. Rxc6 Qxc6 22. g3 Bf8 23. Kg2 Be7 24. Ne1 Qc4 25. b3 Qb4 26. Qxb4 Bxb4 27. Nc2 Bd2 28.
Kf3 a5 29. Ke2 Bc1 30. Kd1 Bh6 31. f4 Kf8 32. Ne3 Ke7 33. Nxd5+ Kd7 34. Nc3 Kc6 35. a4 Bf8 36. Kc2 Bb4 37. Kd3 Bxc3 38. Kxc3 Kd5 39. Kd3 b6 40. Kc3 Ke4 41. Kc4 Kf3 42. d5 Kxg3 43. d6 Kxf4 44. d7 Kxe5 45. d8=Q Kf4 46.
Kd4 Kg3 47. Qg5+ Kf3 1-0

[Event "*** Titled Tuesday Blitz"]
[Site "Chess.com"]
[Date "2020.04.07"]
[Round "5"]
[White "HElissalt"]
[Black "hamelekh"]
[Result "0-1"]
[WhiteElo "2073"]
[BlackElo "2780"]
[TimeControl "180+1"]
[EndTime "13:54:34 PDT"]
[Termination "hamelekh won by resignation"]

1. d4 d5 2. c4 c6 3. Nc3 Nf6 4. cxd5 cxd5 5. Bf4 a6 6. e3 Nc6 7. Bd3 Bg4 8. f3 Bh5 9. Nge2 e6 10. O-O Rc8 11.
Rc1 Be7 12. a3 O-O 13. b4 Nd7 14. Bg3 Nb6 15. Bf2 Bg6 16. e4 Na7 17. Nf4 Bg5 18.
Nxg6 hxg6 19. Rc2 Qd7 20. h4 Be7 21. Qe2 Rfd8 22. Rfc1 Bf6 23. e5 Be7 24. Nd1 Rxc2 25. Rxc2 Rc8 26. Rxc8+ Qxc8 27. Be1 Qc1 28. h5 gxh5 29.
g4 hxg4 30. fxg4 Qxa3 31. Bc2 Qh3 32. Qd3 Qxd3 33. Bxd3 Nc6 0-1

[Event "*** Titled Tuesday Blitz"]
[Site "Chess.com"]
[Date "2020.04.07"]
[Round "5"]
[White "IwkooO"]
[Black "Martins-BR"]
[Result "1-0"]
[WhiteElo "2547"]
[BlackElo "2278"]
[TimeControl "180+1"]
[EndTime "13:54:41 PDT"]
[Termination "IwkooO won by resignation"]

1. c4 f5 2. d4 Nf6 3. Nc3 d6 4.
Bg5 Nbd7 5. Nf3 g6 6. e3 Bg7 7. Bd3 O-O 8. Qe2 h6 9. Bxf6 Nxf6 10. O-O c6 11. h3 Qe8 12. e4 Nh5 13. Bc2 f4 14. e5 g5 15. exd6 exd6 16. Qxe8 Rxe8 17. Bg6 Nf6 18. Bxe8 Nxe8 19. Rfe1 Kf8 20. Re2 Bf5 21. Rae1 Rb8 22. Rd2 Bf6 23. Ne4 Be7 24. d5 c5 25.
Kh2 b5 26. cxb5 Rxb5 27. g3 fxg3+ 28. fxg3 Bg6 29. b3 Rb7 30. Rf2 Kg8 31. Nfd2 Ng7 32.
Nc4 Rd7 33. Nf6+ Bxf6 34. Rxf6 Bf7 35. Rxd6 Rxd6 36. Nxd6 Bxd5 37. Re7 a6 38. Ra7 1-0

[Event "*** Titled Tuesday Blitz"]
[Site "Chess.com"]
[Date "2020.04.07"]
[Round "5"]
[White "GreatDamnedRedSpot"]
[Black "GameOverBro"]
[Result "0-1"]
[WhiteElo "2311"]
[BlackElo "2506"]
[TimeControl "180+1"]
[EndTime "13:54:49 PDT"]
[Termination "GameOverBro won on time"]

1. e4 d6 2. Ne2 Nf6 3. Nbc3 g6 4.
d4 Bg7 5. f3 c6 6. Be3 b5 7.
Qd2 a5 8. a3 Bb7 9. Nd1 Nbd7 10. Nf2 h5 11. h4 e5 12. dxe5 Nxe5 13. Nc3 Qc7 14. Be2 Rd8 15. Bg5 Rd7 16. O-O O-O 17. Bh6 Qb6 18. Be3 Qc7 19. g3 b4 20. Ncd1 d5 21. f4 dxe4 0-1

[Event "*** Titled Tuesday Blitz"]
[Site "Chess.com"]
[Date "2020.04.07"]
[Round "5"]
[White "abhidabhi"]
[Black "Gogolev_Artemy"]
[Result "1-0"]
[WhiteElo "2744"]
[BlackElo "2462"]
[TimeControl "180+1"]
[EndTime "13:54:50 PDT"]
[Termination "abhidabhi won by checkmate"]

1. e4 c5 2. Nc3 Nc6 3. Bb5 Nd4 4.
Nf3 e6 5. Bd3 d6 6. O-O Nf6 7.
a3 Be7 8. b4 e5 9. bxc5 Nxf3+ 10. Qxf3 dxc5 11. Bc4 O-O 12. d3 h6 13. Qg3 Kh7 14.
Nd5 Be6 15. Nxe7 Bxc4 16. Nf5 g6 17. Nxh6 Be6 18. Bg5 Kg7 19. Qh4 Rh8 20. f4 exf4 21. Qxf4 Qd4+ 22. Kh1 Nh5 23. Qxf7+ Bxf7 24. Rxf7# 1-0

[Event "*** Titled Tuesday Blitz"]
[Site "Chess.com"]
[Date "2020.04.07"]
[Round "5"]
[White "Stameny"]
[Black "ethylalcohol"]
[Result "1-0"]
[WhiteElo "2491"]
[BlackElo "2154"]
[TimeControl "180+1"]
[EndTime "13:54:54 PDT"]
[Termination "Stameny won on time"]

1. e4 e6 2. Qe2 Qe7 3. Nc3 g6 4. g3 Bg7 5. Bg2 d6 6. f4 Nc6 7. Nf3 Nd4 8. Nxd4 Bxd4 9. d3 Bd7 10. Bd2 O-O-O 11. O-O-O Qf6 12. g4 b5 13. Rdf1 b4 14. Nd1 a5 15. g5 Qg7 16. c3 bxc3 17.
bxc3 Bc5 18. d4 Ba3+ 19. Kb1 Ba4 20. Qa6+ Kd7 21. Qxa5 Rb8+ 22. Ka1 Bxd1 23. Qxa3 Be2 24. Rb1 Ne7 25. Qa4+ Nc6 26. d5 Ke7 27. Qxc6 1-0

[Event "*** Titled Tuesday Blitz"]
[Site "Chess.com"]
[Date "2020.04.07"]
[Round "5"]
[White "Magician4MA"]
[Black "Euwe1234"]
[Result "1-0"]
[WhiteElo "2482"]
[BlackElo "2133"]
[TimeControl "180+1"]
[EndTime "13:54:54 PDT"]
[Termination "Magician4MA won by resignation"]

1. e4 c5 2. Nf3 Nc6 3. d4 Nxd4 4. Nxd4 cxd4 5. Qxd4 d6 6. Nc3 Nf6 7. Bg5 e6 8. Bb5+ Bd7 9. O-O-O Qa5 10. Bxf6 gxf6 11. Qxf6 Bxb5 12. Qxh8 O-O-O 13. Qxh7 Bc4 14. Kb1 d5 15.
exd5 Bb4 16. Qh3 Bxc3 17. Qxc3 Qxa2+ 18. Kc1 Qa1+ 19. Kd2 Rxd5+ 20. Ke3 Rxd1 21. Qxc4+ Kd7 22. Rxd1+ Qxd1 23. Qd4+ Qxd4+ 24. Kxd4 Kd6 25. h4 e5+ 26. Ke4 Ke6 27. g4 Kf6 28. Kd5 1-0

[Event "*** Titled Tuesday Blitz"]
[Site "Chess.com"]
[Date "2020.04.07"]
[Round "5"]
[White "Tormoz"]
[Black "Hadza_3"]
[Result "1-0"]
[WhiteElo "2659"]
[BlackElo "2433"]
[TimeControl "180+1"]
[EndTime "13:54:55 PDT"]
[Termination "Tormoz won by resignation"]

1. d4 Nf6 2. Nf3 g6 3. c4 Bg7 4.
g3 d6 5. Bg2 c6 6. O-O Qa5 7.
Nc3 Qh5 8. e4 Bg4 9. Qd3 Nbd7 10. Ne1 e5 11. f3 Bh3 12. Nc2 Bxg2 13. Kxg2 O-O 14. d5 cxd5 15. Nxd5 Nxd5 16. Qxd5 Nc5 17. Be3 Ne6 18. Rad1 Rfd8 19. Qd2 Rac8 20. b3 b6 21. Qf2 f5 22. Nb4 Ng5 23. Bxg5 Qxg5 24. Qd2 Qf6 25. Nd5 Qf8 26. f4 exf4 27. exf5 Re8 28. fxg6 Be5 29. gxf4 Bg7 30. f5 Re5 31. f6 Bh6 32. g7 Qf7 33. Qxh6 Rce8 34. Ne7+ R8xe7 35. fxe7 1-0